 Dungeon Crawl Stone Soup version 0.26-a0-849-gf1512cd430 (webtiles) character file.

Game seed: 7058750066097772493

25 waschbaer the Digger (level 3, -2/19 HPs)
             Began as a Gargoyle Earth Elementalist on Nov 20, 2020.
             Slain by a gnoll
             ... wielding a +0 halberd
              (14 damage)
             ... on level 1 of the Dungeon.
             The game lasted 00:03:55 (803 turns).

waschbaer the Digger (Gargoyle Earth Elementalist)   Turns: 803, Time: 00:03:56

Health: -2/19      AC:  5    Str: 11    XL:     3   Next: 4%
Magic:  6/7        EV: 12    Int: 16    God:
Gold:   9          SH:  0    Dex: 10    Spells: 6/7 levels left

rFire    . . .     SeeInvis .   e - +2 dagger (speed)
rCold    . . .     Faith    .   (no shield)
rNeg     + . .     Spirit   .   c - +0 robe
rPois    ∞         Reflect  .   (no helmet)
rElec    +         Harm     .   (no cloak)
rCorr    .         Rampage  .   (no gloves)
MR       .....                  (no boots)
Stlth    ++........             (no amulet)
HPRegen  0.06/turn              (no ring)
MPRegen  0.10/turn              (no ring)

@: no status effects
A: negative energy resistance 1, electricity resistance, unbreathing,
petrification resistance, rot immunity, AC +3
a: no special abilities


You were on level 1 of the Dungeon.
You visited 1 branch of the dungeon, and saw 1 of its levels.

You collected 9 gold pieces.

Inventory:

Hand Weapons
 e - a +2 dagger of speed (weapon)
Missiles
 b - 6 stones (quivered)
Armour
 c - a +0 robe (worn)
Potions
 a - a potion of brilliance {unknown}


   Skills:
 - Level 1.5 Dodging
 - Level 2.1 Stealth
 + Level 2.6 Spellcasting
 - Level 0.7 Transmutations
 + Level 4.3 Earth Magic


You had 6 spell levels left.
You knew the following spells:

 Your Spells              Type           Power        Failure   Level
a - Sandblast             Erth           ###...       3%          1

Your spell library contained the following spells:

 Spells                   Type           Power        Failure   Level
 Passwall                 Tmut/Erth      ##......     11%         2
 Stone Arrow              Conj/Erth      #.....       24%         3
 Petrify                  Tmut/Erth      ##......     56%         4
 Lee's Rapid Deconstruct  Erth           ###.......   65%         5


Dungeon Overview and Level Annotations

Branches:
Dungeon (1/15)

Altars:


Innate Abilities, Weirdness & Mutations

You are resistant to torment.
Your stone body is resilient. (AC +3)
You are immune to poison.
You resist negative energy. (rN+)
You are resistant to electric shocks. (rElec)
You can survive without breathing.
You are immune to petrification.
You are immune to rotting.


Message History

Found an escape hatch in the floor.
There is an escape hatch in the floor here.
There is an escape hatch in the floor here.
You see here a cursed -3 club.
You see here a +0 club.
A gnoll comes into view. It is wielding a +0 halberd.
The gnoll shouts!
The gnoll closely misses you.
The gnoll hits you from afar with a +0 halberd!
Casting: Sandblast (safe; 3% risk of failure)
Confirm with . or Enter, or press ? or * to list all spells.
Aiming: Sandblast (safe; 3% risk of failure)
Press: ? - help, Shift-Dir - straight line, f - gnoll
Aim: a gnoll, wielding a +0 halberd The blast of sand hits the gnoll!
The gnoll is almost dead.
b - 6 stones The gnoll hits you from afar with a +0 halberd!
Ouch! That really hurt!
You die...

# #. #.#
#####g# #.#
......# #.#
#####.###.# #
#......# #
#..##..########
#
#.........g.g.#
#...#.#######.#
#...#... #@#
####...#...#
#.#
...)...#.....
#.#
.###...#.#.###
#.#
.###...#.#..
...
≈≈≈##..#.#..#
### ≈≈≈≈#..#
≈≈≈≈≈..#
≈≈8≈≈≈.#


You could see a gnoll.

Vanquished Creatures
  A dart slug (D:1)
  A leopard gecko (D:1)
  A bat (D:1)
  3 giant cockroaches (D:1)
  3 goblins (D:1)
  2 hobgoblins (D:1)
  2 jackals (D:1)
  A kobold (D:1)
  2 frilled lizards (D:1)
  3 rats (D:1)
19 creatures vanquished.

Notes
Turn   | Place    | Note
-------+----------+-------------------------------------------
     0 | D:1      | waschbaer the Gargoyle Earth Elementalist began the quest
                  | for the Orb.
     0 | D:1      | Reached XP level 1. HP: 10/10 MP: 3/3
   159 | D:1      | Reached XP level 2. HP: 15/15 MP: 0/5
   168 | D:1      | Reached skill level 4 in Earth Magic
   555 | D:1      | Reached XP level 3. HP: 15/19 MP: 4/6
   803 | D:1      | Slain by a gnoll

Illustrated notes

Levels and vault maps discovered:
D:1:      nzn_arrival_water_spiral, layout_basic

Skill      XL: |  1  2 |
---------------+-------+-----
Earth Magic    | 4 |  4.3
Dodging        | |  1.5
Stealth        | |  2.1
Spellcasting   | |  2.6
Transmutations | |  0.7

Action                   || total
-------------------------++-------
Melee: Club              ||    15
       Dagger            ||     1
 Cast: Sandblast         ||    24
Armor: Robe              ||     9
Dodge: Dodged            ||    11

Table legend: (Time is in decaauts)
 A = Elapsed time spent in this place.
 B = Non-inter-level travel time spent in this place.
 C = Inter-level travel time spent in this place.
 D = Time resting spent in this place.
 E = Time spent auto-exploring this place.
 F = Levels seen in this place.
 G = Mean time per level.
                   A        B        C        D        E       F      G
               +--------+--------+--------+--------+--------+-----+--------+
         Total |    806 |    806 |      0 |    351 |    259 |   1 |  806.0 |
       Dungeon |    806 |    806 |      0 |    351 |    259 |   1 |  806.0 |
               +--------+--------+--------+--------+--------+-----+--------+

Top non-repeatable levels by time:
     D:1: 806 daAuts
